 Dungeon Sprint DCSS version 0.31-a0-963-ga325b2283a (webtiles) character file.

Game seed: 1083113726995032697

952 sircluck the Grappler (level 7, -16/81 HPs)
             Began as a Troll Berserker on Oct 25, 2023.
             Was a High Priest of Trog.
             Killed from afar by a lindwurm (35 damage)
             ... with a blast of flame
             ... in the Dungeon (Sprint VII: "The Pits").
             The game lasted 00:00:50 (388 turns).

sircluck the Grappler (Troll Berserker)              Turns: 388, Time: 00:00:50

Health: -16/81     AC:  4    Str: 28    XL:     7   Next: 90%
Magic:  6/6        EV: 12    Int:  3    God:    Trog [*****.]
Gold:   0          SH:  0    Dex:  9    Spells: 6/6 levels left

rFire   . .          .
                       - Unarmed
rCold   . . .        (no shield)
rNeg    . . .        a - +0 animal skin
rPois   .            (helmet restricted)
rElec   .            (no cloak)
rCorr   .            (gloves unavailable)
SInv    .            (boots unavailable)
Will    .....        (no amulet)
Stlth   +            (no ring)
HPRegen 1.13/turn    (no ring)
MPRegen 0.10/turn

%: no teleportation
@: no status effects
A: large, unfitting armour, claws 3, regeneration 1, shaggy fur 1, tough skin 1
a: Renounce Religion, Berserk, Trog's Hand, Brothers in Arms


You were in the Dungeon.
You worshipped Trog.
Trog was extremely pleased with you.
You visited 1 branch

Inventory:

Armour
 a - a +0 animal skin (worn)
Scrolls
 g - a scroll of blinking
 i - 2 scrolls of vulnerability
 j - a scroll of butterflies
Potions
 b - 6 potions of curing
 c - 6 potions of heal wounds
 d - a potion of haste
 e - 4 potions of magic
 f - 3 potions of berserk rage
 h - 2 potions of invisibility


   Skills:
 + Level 8.9 Fighting
 + Level 8.8 Dodging
 + Level 10.5 Unarmed Combat


You had 6 spell levels left.
You didn't know any spells.
Your spell library was empty.

Dungeon Overview and Level Annotations

Branches:
Dungeon (1/1)

Altars:
Ashenzari
Cheibriados
Dithmenos
Elyvilon
Fedhas
Gozag
Hepliaklqana
Kikubaaqudgha
Makhleb
Nemelex Xobeh
Okawaru
Qazlal
Ru
Sif Muna
Trog
Uskayaw
Vehumet
Wu Jian
Xom
Yredelemnul
Zin
The Shining One
Jiyva
Lugonu


Innate Abilities, Weirdness & Mutations

You are too large for most types of armour.
You have claws for hands.
Your natural rate of healing is unusually fast.
You are covered in fur. (AC +1)
You have tough skin. (AC +1)


Message History

There is an open door here.
You open the door.
A lindwurm comes into view.
The lindwurm roars!
The lindwurm breathes flames at you. The blast of flame hits you.
The lindwurm bites you! The lindwurm claws you.
The lindwurm closely misses you.
There is an open door, spattered with blood here.
You mangle the lindwurm!!
The lindwurm is heavily wounded.
The lindwurm closely misses you.
The lindwurm claws you but does no damage. x2
You scratch the lindwurm but do no damage.
The lindwurm is heavily wounded.
The lindwurm bites you!! The lindwurm claws you.
The lindwurm claws you but does no damage.
You are too injured to fight recklessly!
You are too injured to fight recklessly!
You are too injured to fight recklessly!
You are too injured to fight recklessly!
You are too injured to fight recklessly!
You are too injured to fight recklessly!
You are too injured to fight recklessly!
You are too injured to fight recklessly!
You are too injured to fight recklessly!
You are too injured to fight recklessly!
You scratch the lindwurm but do no damage.
The lindwurm is heavily wounded.
The lindwurm bites you!
* * * LOW HITPOINT WARNING * * *
The lindwurm claws you but does no damage.
The lindwurm claws you.
* * * LOW HITPOINT WARNING * * *
Unknown command.
You claw the lindwurm! x2
The lindwurm is almost dead.
The lindwurm breathes flames at you. The blast of flame hits you!!
You die...

#)#........##.......#
#)#........##.......#
#)###########.......#
#)).....# #########
#.###...# #.#.....#
#.#...#.#+#
#.....#.#k+
#..)###.#@#
#.......'.#
###########


You could see a lindwurm (catching breath).

Vanquished Creatures
  Pikel (D)
  A flying skull (D)
  A kobold brigand (D)
  2 gnoll sergeants (D)
  A crimson imp (D)
  11 gnolls (D)
  3 adders (D)
  A bat zombie (D)
  2 kobolds (D)
  A ball python skeleton (D)
  A frilled lizard (D)
25 creatures vanquished.

Notes
Turn   | Place    | Note
-------+----------+-------------------------------------------
     0 | D        | sircluck the Troll Berserker began the quest for the Orb.
     0 | D        | Reached XP level 1. HP: 22/22 MP: 0/0
    22 | D        | Found a bloodstained altar of Trog.
    22 | D        | Found a shimmering blue altar of Sif Muna.
    22 | D        | Found a viscous altar of Jiyva.
    22 | D        | Found a hazy altar of Hepliaklqana.
    22 | D        | Found an opulent altar of Gozag.
    23 | D        | Found a glowing golden altar of the Shining One.
    23 | D        | Found a glowing silver altar of Zin.
    23 | D        | Found a basalt altar of Yredelemnul.
    23 | D        | Found a shimmering altar of Xom.
    23 | D        | Found an ornate altar of the Wu Jian Council.
    23 | D        | Found a sacrificial altar of Ru.
    23 | D        | Found a stormy altar of Qazlal.
    23 | D        | Found an iron altar of Okawaru.
    23 | D        | Found a sparkling altar of Nemelex Xobeh.
    23 | D        | Found a burning altar of Makhleb.
    23 | D        | Found a blossoming altar of Fedhas.
    23 | D        | Found a white marble altar of Elyvilon.
    23 | D        | Found a shadowy altar of Dithmenos.
    23 | D        | Found a snail-covered altar of Cheibriados.
    26 | D        | Found a corrupted altar of Lugonu.
    26 | D        | Found a radiant altar of Vehumet.
    27 | D        | Found an ancient bone altar of Kikubaaqudgha.
    27 | D        | Found a hide-covered altar of Uskayaw.
    27 | D        | Found a broken altar of Ashenzari.
    62 | D        | Reached XP level 2. HP: 31/31 MP: 1/1
    64 | D        | Reached ** piety under Trog
    65 | D        | Reached skill level 4 in Unarmed Combat
    83 | D        | Reached XP level 3. HP: 31/39 MP: 2/2
    94 | D        | Noticed a lemure
    95 | D        | Noticed Pikel
    95 | D        | Noticed a lemure
    95 | D        | Noticed a lemure
    95 | D        | Noticed a lemure
   105 | D        | Killed Pikel
   106 | D        | Reached skill level 9 in Unarmed Combat
   106 | D        | Reached XP level 4. HP: 55/55 MP: 3/3
   106 | D        | Reached XP level 5. HP: 62/62 MP: 4/4
   106 | D        | Reached XP level 6. HP: 71/71 MP: 5/5
   106 | D        | Reached *** piety under Trog
   236 | D        | Noticed a flying skull
   248 | D        | Killed a flying skull
   249 | D        | Reached XP level 7. HP: 66/80 MP: 6/6
   266 | D        | Reached **** piety under Trog
   281 | D        | Reached skill level 10 in Unarmed Combat
   289 | D        | Reached ***** piety under Trog
   305 | D        | Received a gift from Trog
   383 | D        | Noticed a lindwurm
   388 | D        | Killed from afar by a lindwurm

Illustrated notes

Levels and vault maps discovered:
D:        pitsprint [storerooms_1, entrance_room_1, metal_vault_5, armoury_3,
          mini_pit_1, grid_room_1, main_hall_1, silver_pit, the_coven_1,
          the_vestibule_1, steel_vault_3, golden_pit, hallway_of_sentries,
          crystal_vault_1, iron_vault_1, final_vault]

Skill      XL: |  1  2  3  4  5  6  7 |
---------------+----------------------+-----
Fighting       | 3 7 8 |  8.9
Dodging        | 3 7 8 |  8.8
Unarmed Combat | 4 9 10 | 10.5

Action                     |  1- 3 |  4- 6 |  7- 9 || total
---------------------------+-------+-------+-------++-------
  Melee: Unarmed           |    26 |     8 |    41 ||    75
         Punch             |     1 |       |     1 ||     2
 Invoke: Berserk           |     1 |       |       ||     1
 Armour: Animal skin       |    20 |     3 |    38 ||    61
  Dodge: Dodged            |     9 |     1 |    31 ||    41

Table legend: (Time is in decaauts)
 A = Elapsed time spent in this place.
 B = Non-inter-level travel time spent in this place.
 C = Inter-level travel time spent in this place.
 D = Time resting spent in this place.
 E = Time spent auto-exploring this place.
 F = Levels seen in this place.
 G = Mean time per level.
                   A        B        C        D        E       F      G
               +--------+--------+--------+--------+--------+-----+--------+
         Total |    387 |    387 |      0 |     71 |    127 |   1 |  387.0 |
       Dungeon |    387 |    387 |      0 |     71 |    127 |   1 |  387.0 |
               +--------+--------+--------+--------+--------+-----+--------+

Top non-repeatable levels by time:
       D: 387 daAuts
